 Dungeon Crawl Stone Soup version 0.28-a0-1159-g27aa881441 (webtiles) character file.

Game seed: 12423043142970238307

132 spaghetti the Sneak (level 5, -6/49 HPs)
             Began as a Naga Delver on Dec 15, 2021.
             Was an Initiate of Cheibriados.
             Mangled by a water moccasin zombie (7 damage)
             ... on level 6 of the Dungeon.
             The game lasted 00:03:43 (1207 turns).

spaghetti the Sneak (Naga Delver)                   Turns: 1207, Time: 00:03:43

Health: -6/49      AC:  3    Str: 17    XL:     5   Next: 15%
Magic:  5/5        EV: 11    Int: 17    God:    Cheibriados [......]
Gold:   55         SH:  0    Dex: 14    Spells: 4/4 levels left

rFire   + + .      SeeInvis +   a - +0 mace {mace}
rCold   . . .      Faith    .   (no shield)
rNeg    . . .      Spirit   .   b - +0 leather armour
rPois   +          Reflect  .   (no helmet)
rElec   +          Harm     .   (no cloak)
rCorr   .          Rampage  .   (no gloves)
Will    .....                   (no barding)
Stlth   ++++......              (no amulet)
HPRegen 0.16/turn               k - ring "Vomp" {rF+ Int+6}
MPRegen 0.09/turn               (no ring)

@: unable to read, very slow
A: AC +1, large, see invisible, deformed body, poison resistance, slowness 2,
spit poison 1, naga tail 1, camouflage 1, fire resistance 1, screaming 1,
electricity resistance
a: Spit Poison, Renounce Religion


You were on level 6 of the Dungeon.
You worshipped Cheibriados.
Cheibriados was noncommittal.
You visited 2 branches of the dungeon, and saw 3 of its levels.

You collected 55 gold pieces.


Innate Abilities, Weirdness & Mutations

Your serpentine skin is tough. (AC +1)
You have supernaturally acute eyesight. (SInv)
Armour fits poorly on your strangely shaped body.
Your system is resistant to poisons. (rPois)
You cover ground very slowly.
You can spit poison.
You have a snake-like lower body.
Your skin changes colour to match your surroundings (Stealth+).
Your flesh is heat resistant. (rF+)
You occasionally shout uncontrollably at your foes.
You are resistant to electric shocks. (rElec)


   Skills:
 - Level 3.0 Fighting
 - Level 2.0 Maces & Flails
 + Level 4.3 Dodging
 - Level 7.2 Stealth


You had 4 spell levels left.
You didn't know any spells.
Your spell library was empty.

Inventory:

Hand Weapons
 a - a +0 mace (weapon) {mace}
 e - a +0 shortbow of freezing {bow}
   (You found it on level 6 of the Dungeon)
Missiles
 h - a throwing net {=f!fthrowing}
 i - 28 stones {throwing}
Armour
 b - a +0 leather armour (worn)
Jewellery
 f - a ring of resist corrosion
   (You found it on level 6 of the Dungeon)
 k - the ring "Vomp" (left hand) {rF+ Int+6}
   (You acquired it on level 6 of the Dungeon)

   [ring of protection from fire]

   Int:       It affects your intelligence (+6).
   rF:        It protects you from fire.
Wands
 g - a wand of digging (2)
Scrolls
 c - a scroll of fog
 d - a scroll of magic mapping {!r}

Dungeon Overview and Level Annotations

Branches:
Dungeon (6/15)             Temple (1/1) D:6

Altars:
Ashenzari
Cheibriados
Elyvilon
Fedhas
Gozag
Kikubaaqudgha
Makhleb
Qazlal
Yredelemnul

Shops:
D:5

* # .# #####
.##.. ......
...#$...
#....#
#.....8..
..#.#.#..#....
#.#.#.#.#...
#Z@.#....#
#.#.#.#..5#
..#.#.#..#.#
#...#.#...#.#
##...........#
#..#.#####.###
#.###
##..#######
####### #..#.
#.........#
......# ##..#
#.#######.#


You could see a water moccasin zombie.


Message History

Unknown command.
Press < or > to pray at altars.
Unknown command.
Press < or > to pray at altars.
There is a burning altar of Makhleb here.
Found a stormy altar of Qazlal.
(D) Dungeon (T) Temple
Where to? (Enter - D:6 @ (x,y), ? - help)
There is a staircase back to the Dungeon here.
You climb upwards.
The water moccasin zombie barely misses you.
There is a staircase to the Ecumenical Temple here.
A water moccasin zombie is nearby!
Unknown command.
You barely miss the water moccasin zombie.
The water moccasin zombie bites you!
The water moccasin zombie bites you. 😕 HP[-9]
You take 9 damage, and now have 40/49 hp.
You closely miss the water moccasin zombie.
The water moccasin zombie bites you.
The water moccasin zombie closely misses you. 😕 HP[-2]
You take 2 damage, and now have 38/49 hp.
You hit the water moccasin zombie.
The water moccasin zombie bites you. 😮 HP[-2]
You take 2 damage, and now have 36/49 hp.
You are too injured to fight recklessly!
You are too injured to fight recklessly!
You are too injured to fight recklessly!
Aiming: Spit Poison (1% risk of failure)
Press: ? - help, Q - select action, (/) - cycle Shift-Dir - straight line, f - water moccasin zombie
Aim: a water moccasin zombie (lightly damaged)
Okay, then.
It was a potion of mutation.
You feel extremely strange.
You lose the ability to read scrolls when threatened.
You feel resistant to heat.
You feel the urge to shout.
A venomous barb forms on the end of your tail.
The water moccasin zombie bites you.
You feel threatened and lose the ability to read scrolls! 😮 HP[-6]
You take 6 damage, and now have 30/49 hp.
You hit the water moccasin zombie but do no damage.
The water moccasin zombie bites you. x2
* * * LOW HITPOINT WARNING * * *
😨 HP[-7]
You take 7 damage, and now have 23/49 hp.
Unknown command.
You cannot read scrolls in your current state!
Unknown command.
Unknown command.
You hit the water moccasin zombie. The water moccasin zombie bites you.
* * * LOW HITPOINT WARNING * * *
The water moccasin zombie bites you.
* * * LOW HITPOINT WARNING * * *
😨 HP[-8]
You take 8 damage, and now have 15/49 hp.
Unknown command.
Unknown command.
Okay, then.
Really quaff
j - a potion of mutation {!q}?
Really quaff the potion of mutation?
Okay, then.
Really quaff
j - a potion of mutation {!q}?
Really quaff the potion of mutation?
You feel extremely strange.
You can once more read scrolls while threatened.
The barb on your tail disappears.
Your skin functions as natural camouflage.
You feel insulated. The water moccasin zombie bites you.
* * * LOW HITPOINT WARNING * * *
😱 HP[-6]
You take 6 damage, and now have 9/49 hp.
Unknown command.
Unknown command.
Unknown command.
Okay, then.
You cannot read scrolls in your current state!
Unknown command.
You hit the water moccasin zombie.
The water moccasin zombie barely misses you.
You hit the water moccasin zombie. The water moccasin zombie bites you.
* * * LOW HITPOINT WARNING * * *
The water moccasin zombie bites you.
* * * LOW HITPOINT WARNING * * *
😱 HP[-6]
You take 6 damage, and now have 3/49 hp.
Unknown command.
Unknown command.
Unknown command.
You cannot read scrolls in your current state!
Unknown command.
You hit the water moccasin zombie. The water moccasin zombie bites you.
* * * LOW HITPOINT WARNING * * *
Unknown command.
You barely miss the water moccasin zombie.
The water moccasin zombie bites you.
* * * LOW HITPOINT WARNING * * *
The water moccasin zombie bites you!
You die...

Skill      XL: |  1  2  3  4 |
---------------+-------------+-----
Dodging        | 2 3 4 |  4.3
Fighting       | |  3.0
Maces & Flails | |  2.0
Stealth        | |  7.2

Action                   |  1- 3 |  4- 6 || total
-------------------------+-------+-------++-------
Melee: Mace              |    20 |    12 ||    32
 Abil: Spit Poison       |    11 |     1 ||    12
Evoke: Wand              |     1 |       ||     1
  Use: Scroll            |     2 |     1 ||     3
       Potion            |     2 |     3 ||     5
Armor: Leather armour    |     5 |       ||     5
Dodge: Dodged            |    17 |     4 ||    21

Levels and vault maps discovered:
D:5:      kennysheep_slugbush, layout_gridville, portal_sewer_entry_e,
          nicolae_shop_gadgets
D:6:      layout_loops_ring, amcnicky_altar_gilded, vehumet_crystals,
          minmay_temple_entry_grid, nicolae_ossuary_entry_monument,
          nicolae_grassy_gnolls
Temple:   dshaligram_water_room_temple

Notes
Turn   | Place    | Note
-------+----------+-------------------------------------------
     0 | D:5      | spaghetti the Naga Delver began the quest for the Orb.
     0 | D:5      | Reached XP level 1. HP: 21/21 MP: 1/1
     0 | D:5      | magus.rc [v1.9.6]
    35 | D:5      | Found Avav's Gadget Gallery.
    47 | D:5      | Reached skill level 2 in Dodging
    47 | D:5      | Reached XP level 2. HP: 21/28 MP: 2/2
   138 | D:5      | Noticed an ice beast
   162 | D:5      | Noticed a water moccasin
   204 | D:5      | Noticed a scorpion
   213 | D:6      | Reached XP level 3. HP: 17/34 MP: 3/3
   222 | D:6      | Reached skill level 3 in Dodging
   561 | D:6      | Reached XP level 4. HP: 11/42 MP: 4/4
   796 | D:6      | Found a white marble altar of Elyvilon.
   834 | D:6      | Noticed a scorpion
   840 | D:6      | HP: 10/42 [scorpion (9)]
   841 | D:6      | Killed a scorpion
   842 | D:6      | Reached skill level 4 in Dodging
   842 | D:6      | Reached XP level 5. HP: 11/49 MP: 5/5
  1079 | D:6      | Identified a scroll of acquirement
  1079 | D:6      | Acquired the ring "Vomp" {rF+ Int+6}
  1105 | D:6      | Found a staircase to the Ecumenical Temple.
  1113 | Temple   | Entered the Ecumenical Temple
  1167 | Temple   | Became a worshipper of Cheibriados the Contemplative
  1200 | D:6      | Gained mutation: You sometimes lose the ability to read
                  | scrolls when taking damage. [potion of mutation]
  1200 | D:6      | Gained mutation: Your flesh is heat resistant. (rF+)
                  | [potion of mutation]
  1200 | D:6      | Gained mutation: You occasionally shout uncontrollably at
                  | your foes. [potion of mutation]
  1200 | D:6      | Gained mutation: Your tail ends in a venomous barb. [potion
                  | of mutation]
  1203 | D:6      | Lost mutation: You sometimes lose the ability to read
                  | scrolls when taking damage. [potion of mutation]
  1203 | D:6      | Lost mutation: Your tail ends in a venomous barb. [potion
                  | of mutation]
  1203 | D:6      | Gained mutation: Your skin changes colour to match your
                  | surroundings (Stealth+). [potion of mutation]
  1203 | D:6      | Gained mutation: You are resistant to electric shocks.
                  | (rElec) [potion of mutation]
  1203 | D:6      | HP: 9/49 [water moccasin zombie (6)]
  1205 | D:6      | HP: 3/49 [water moccasin zombie (4)]
  1207 | D:6      | HP: 1/49 [water moccasin zombie (2)]
  1207 | D:6      | Mangled by a water moccasin zombie

Vanquished Creatures
  A scorpion (D:6)
  An iguana (D:6)
  A gnoll (D:6)
  3 adders
  4 dart slugs (D:5)
10 creatures vanquished.

Table legend:
 A = Non-vault XP
 B = Vault XP
 C = Vault XP percentage of total XP
 D = Non-vault monster count
 E = Vault monster count
 F = Vault count percentage of total count
                 A         B        C        D         E       F
            +---------+---------+-------+---------+---------+-------
      Total |     173 |      16 |   8.5 |       6 |       4 |  40.0
            +---------+---------+-------+---------+---------+-------
        D:5 |      13 |      16 |  55.2 |       1 |       4 |  80.0
        D:6 |     160 |       0 |   0.0 |       5 |       0 |   0.0
            +---------+---------+-------+---------+---------+-------

Illustrated notes

Table legend:
 A = Kills in this place as a percentage of kills in entire the game.
 B = Kills by you in this place as a percentage of kills by you in the entire game.
 C = Kills by friends in this place as a percentage of kills by friends in the entire game.
 D = Other kills in this place as a percentage of other kills in the entire game.
 E = Experience gained in this place as a percentage of experience gained in the entire game.
 F = Experience gained in this place divided by the number of levels of this place that you have seen.
                   A       B       C       D       E      F
               +-------+-------+-------+-------+-------+----------------------
         Total | 100.0 | 100.0 |   N/A |   N/A | 100.0 |  63.0
       Dungeon | 100.0 | 100.0 |   N/A |   N/A | 100.0 |  94.5
               +-------+-------+-------+-------+-------+----------------------

Table legend: (Time is in decaauts)
 A = Elapsed time spent in this place.
 B = Non-inter-level travel time spent in this place.
 C = Inter-level travel time spent in this place.
 D = Time resting spent in this place.
 E = Time spent auto-exploring this place.
 F = Levels seen in this place.
 G = Mean time per level.
                   A        B        C        D        E       F      G
               +--------+--------+--------+--------+--------+-----+--------+
         Total |   1346 |   1313 |     33 |    727 |    326 |   3 |  448.7 |
       Dungeon |   1234 |   1215 |     19 |    727 |    258 |   2 |  617.0 |
        Temple |    112 |     99 |     13 |      0 |     67 |   1 |  112.0 |
               +--------+--------+--------+--------+--------+-----+--------+

Top non-repeatable levels by time:
     D:6: 980 daAuts
     D:5: 254 daAuts
  Temple: 112 daAuts
